 Dungeon Crawl Stone Soup version 0.23-b1 (webtiles) character file.

Game seed: 10969123392421976945

235222 Gargoyl the Severer (level 18, 0/157 HPs)
             Began as a Centaur Abyssal Knight on Jan 31, 2019.
             Was the Champion of Lugonu.
             Splashed by an ironbrand convoker's acid (12 damage)
             ... on level 1 of the Vaults.
             The game lasted 01:28:58 (44730 turns).

Gargoyl the Severer (Centaur Abyssal Knight)       Turns: 44730, Time: 01:29:00

Health: 0/157      AC: 18    Str: 28    XL:     18   Next: 90%
Magic:  29/29      EV: 15    Int:  9    God:    Lugonu [******]
Gold:   163        SH:  0    Dex: 16    Spells: 17/17 levels left

rFire    + + .     SeeInvis +   f - +9 battleaxe (flame)
rCold    + . .     Gourm    .   (shield currently unavailable)
rNeg     + . .     Faith    .   o - +3 leather armour of Muipon {rF+ Regen+}
rPois    +         Spirit   .   i - +2 helmet
rElec    .         Reflect  .   W - scarf {rC+ rF+}
rCorr    .         Harm     .   z - +2 pair of gloves
MR       ++++.     Clarity  +   d - +0 centaur barding of Leodim {-Cast Dex+4 SInv Stlth+} Stlth ++........NoCast +
                                V - amulet of the acrobat
HPRegen  0.76/turn              G - ring of Astitrog {*Drain rN+ MR+ Stlth+}
MPRegen  0.21/turn              L - ring of Noss {*Drain MR++ Str+8 Slay+3 Stlth-}

@: lethally poisoned (0 -> 0), corroded, very quick
A: large, hooves 3, clarity, deformed body, dopey 1, speed 2, poison resistance,
tough skin 3
}: 1/15 runes: gossamer
a: Depart the Abyss, Bend Space, Banish, Corrupt, Enter the Abyss, Brand Weapon
With Distortion, Renounce Religion


You were on level 1 of the Vaults.
You worshipped Lugonu.
Lugonu was exalted by your worship.
You were not hungry.

You visited 5 branches of the dungeon, and saw 28 of its levels.
You visited the Abyss 2 times.
You visited 1 bazaar.
You also visited: Gauntlet and Volcano.

You collected 3277 gold pieces.
You spent 3114 gold pieces at shops.

Inventory:

Hand Weapons
 a - a +1 hand axe
 f - a +9 battleaxe of flaming (weapon)
 y - a +3 executioner's axe of flaming
 I - a +4 battleaxe of flaming
Missiles
 M - 7 javelins of returning
 S - 2 steel javelins (quivered)
Armour
 d - the +0 centaur barding of Leodim (worn) {-Cast Dex+4 SInv Stlth+}
   (You acquired it on level 1 of the Dungeon)

   It affects your dexterity (+4).
   It lets you see invisible.
   It prevents spellcasting.
   It makes you more stealthy.
 i - a +2 helmet (worn)
 o - the +3 leather armour of Muipon (worn) {rF+ Regen+}
   (You found it on level 6 of the Dungeon)

   It protects you from fire.
   It increases your rate of regeneration.
 z - a +2 pair of gloves (worn)
 D - the +1 plate armour of Panentheism {rPois Regen+ rCorr}
   (You bought it in a shop on level 2 of the Orcish Mines)

   It protects you from poison.
   It increases your rate of regeneration.
   It provides partial protection from all sources of acid and corrosion.
 W - a scarf of resistance (worn)
Jewellery
 A - an uncursed ring of positive energy
 G - the ring of Astitrog (left hand) {*Drain rN+ MR+ Stlth+}
   (You found it on level 7 of the Dungeon)

   [ring of positive energy]

   It protects you from negative energy.
   It affects your resistance to hostile enchantments.
   It causes draining when unequipped.
   It makes you more stealthy.
 L - the ring of Noss (right hand) {*Drain MR++ Str+8 Slay+3 Stlth-}
   (You bought it in a shop in a bazaar)

   [ring of attention]

   It affects your strength (+8).
   It affects your accuracy and damage with ranged weapons and melee attacks
   (+3).
   It affects your resistance to hostile enchantments.
   It causes draining when unequipped.
   It makes you less stealthy.
 U - an uncursed ring of protection from cold
 V - an amulet of the acrobat (around neck)
Wands
 g - a wand of acid (23)
 p - a wand of flame (21)
 q - a wand of paralysis (21)
 t - a wand of random effects (75)
 F - a wand of disintegration (22)
 K - a wand of scattershot (5)
 P - a wand of digging (6)
 Q - a wand of iceblast (15)
 X - a wand of polymorph (10)
Scrolls
 b - 11 scrolls of remove curse
 l - 6 scrolls of teleportation
 s - 3 scrolls of identify
 w - a scroll of enchant weapon
 x - 11 scrolls of amnesia
 B - 4 scrolls of enchant armour
 C - 9 scrolls of magic mapping
 E - 7 scrolls of fear
 N - a scroll of blinking
 T - 2 scrolls of fog
 Y - 2 scrolls of summoning
Potions
 e - 9 potions of flight
 h - 4 potions of curing
 j - 5 potions of might
 k - 4 potions of heal wounds
 m - 6 potions of brilliance
 n - 5 potions of invisibility
 r - 2 potions of agility
 u - 6 potions of resistance
 v - 4 potions of haste
 H - 3 potions of berserk rage
 R - 5 potions of ambrosia
 Z - 2 potions of magic {unknown}
Miscellaneous
 O - a lightning rod (4/4)
Comestibles
 c - 31 rations


   Skills:
 + Level 13.2 Fighting
 + Level 18.1 Axes
 + Level 2.1 Throwing
 * Level 11.5 Armour
 * Level 11.3 Dodging
 * Level 15.9 Invocations
 + Level 0.1 Evocations


You had 17 spell levels left.
You didn't know any spells.
Your spell library contained the following spells:

 Spells                   Type           Power        Failure   Level  Hunger
 Animate Skeleton         Necr           N/A          41%         1    ##.....
 Apportation              Tloc           #.....       41%         1    ##.....
 Confusing Touch          Hex            #.....       41%         1    ##.....
 Freeze                   Ice            #...         41%         1    ##.....
 Magic Dart               Conj           #...         41%         1    ##.....
 Sting                    Conj/Pois      #...         41%         1    ##.....
 Summon Butterflies       Summ           #.......     41%         1    ##.....
 Summon Small Mammal      Summ           #...         41%         1    ##.....
 Blink                    Tloc           N/A          54%         2    ###....
 Call Imp                 Summ           #.......     54%         2    ###....
 Ensorcelled Hibernation  Hex/Ice        #.....       54%         2    ###....
 Passwall                 Tmut/Erth      #.......     54%         2    ###....
 Poisonous Vapours        Pois/Air       #.....       54%         2    ###....
 Shroud of Golubria       Chrm/Tloc      #.........   54%         2    ###....
 Slow                     Hex            #.......     54%         2    ###....
 Sticks to Snakes         Tmut           #.......     54%         2    ###....
 Swiftness                Chrm/Air       #.......     54%         2    ###....
 Throw Frost              Conj/Ice       #.....       54%         2    ###....
 Confuse                  Hex            #.......     78%         3    ####...
 Conjure Flame            Conj/Fire      #.......     78%         3    ####...
 Gell's Gravitas          Tloc           #.........   78%         3    ####...
 Ignite Poison            Fire/Tmut/Pois #.......     78%         3    ####...
 Lesser Beckoning         Tloc           #.........   78%         3    ####...
 Mephitic Cloud           Conj/Pois/Air  #.......     78%         3    ####...
 Ozocubu's Armour         Chrm/Ice       #.......     78%         3    ####...
 Teleport Other           Tloc           #.......     78%         3    ####...
 Tukima's Dance           Hex            #.......     78%         3    ####...
 Olgreb's Toxic Radiance  Pois           #.......     99%         4    #####..
 Passage of Golubria      Tloc           N/A          99%         4    #####..
 Petrify                  Tmut/Erth      #.......     99%         4    #####..
 Summon Ice Beast         Ice/Summ       #.......     99%         4    #####..
 Throw Icicle             Conj/Ice       #.......     99%         4    #####..
 Alistair's Intoxication  Tmut/Pois      #.......     100%        5    ######.
 Fireball                 Conj/Fire      #.........   100%        5    ######.
 Lee's Rapid Deconstruct  Erth           #.........   100%        5    ######.
 Metabolic Englaciation   Hex/Ice        #.........   100%        5    ######.
 Venom Bolt               Conj/Pois      #.........   100%        5    ######.
 Yara's Violent Unravell  Hex/Tmut       #.........   100%        5    ######.
 Bolt of Fire             Conj/Fire      #.........   100%        6    #######
 Darkness                 Hex            #.........   100%        6    #######
 Invisibility             Hex            #.......     100%        6    #######
 Ring of Flames           Chrm/Fire      #.........   100%        7    #######
 Ignition                 Fire           #.........   100%        8    #######


Dungeon Overview and Level Annotations

Branches:
Dungeon (15/15)            Temple (0/1) D:7            Lair (6/6) D:8
 Shoals (0/4) Lair:3       Spider (4/4) Lair:2        Slime (0/5) Lair:5
    Orc (2/2) D:9             Elf (0/3) Orc:2        Vaults (1/5) D:13
 Depths (0/5) D:15

Altars:
Ashenzari
Dithmenos
Elyvilon
Kikubaaqudgha
Qazlal
Sif Muna
Trog
Wu Jian
Yredelemnul
Zin
Beogh
Jiyva

Shops:
D:8 =   D:11 ?   D:13 [   Orc:2 *!([

Annotations:
Lair:5 1 runed translucent door
Abyss:1 Agnes


Innate Abilities, Weirdness & Mutations

You have hooves in place of feet.
Armour fits poorly on your strangely shaped body.
You cover ground very quickly.
You have extremely tough skin. (AC +3)
You possess an exceptional clarity of mind.
You are dopey. (Int -2)
Your system is resistant to poisons. (rPois)


Message History

You slash the ironheart preserver! You burn the ironheart preserver.
The ironbrand convoker hits you but does no damage.
The ironheart preserver casts a spell.
The ironheart preserver is healed somewhat.
The ironheart preserver hits you with a +0 great mace!!
* * * LOW HITPOINT WARNING * * *
You hit the ironbrand convoker but do no damage.
You kick the ironbrand convoker!
The ironbrand convoker is heavily wounded.
You hit the ironheart preserver. You burn the ironheart preserver.
You slash the ironheart preserver! You burn the ironheart preserver.
You kill the ironheart preserver!
Lugonu accepts your kill.
You feel sick.
The ironheart preserver hits you with a +0 flail.
* * * LOW HITPOINT WARNING * * *
The ironbrand convoker zaps a wand.
The bolt of acid hits you!
* * * LOW HITPOINT WARNING * * *
The acid corrodes you!
You are splashed with acid!
You die...

#....## #....#. . #..[(#.
.. #...['. ... #....'.
.... #.)..#. .....
#...(#.
......#############....##
......Wp@)(.)(()..'.)..'.
......'p)))).....(#(...#)
......##################'
...... #.... ..... #....
..... #.... ...# #....
... #.... #....


You could see an ironheart preserver, an ironbrand convoker and a freezing
wraith.

Vanquished Creatures
  Saint Roka (Orc:1)
  Rupert (D:14)
  Gastronok (Lair:3)
  The ghost of wont the Ogre Mage, a journeyman OgFE of Vehumet (Orc:1)
  A tengu reaver (Vaults:1)
  2 vault wardens (Vaults:1)
  A frost giant (Vaults:1)
  7 emperor scorpions
  7 ghost moths
  3 orc warlords (Orc:1)
  A war gargoyle (Vaults:1)
  4 ironheart preservers (Vaults:1)
  A very ugly thing (Spider:1)
  3 entropy weavers
  2 stone giants (Vaults:1)
  A vampire knight (Vaults:1)
  A spark wasp (Spider:3)
  A deep elf annihilator (Vaults:1)
  An ettin (Vaults:1)
  Snorg (D:12)
  A great orb of eyes (Gauntlet)
  3 yaktaur captains
  14 vault guards
  An ice dragon (Vaults:1)
  23 two-headed ogres
  11 hydras
  3 catoblepae
  4 ogre magi
  A death knight (D:15)
  10 centaur warriors
  Urug (Lair:3)
  8 death yaks (Lair:6)
  A hell hog (Volcano)
  A tengu warrior (D:15)
  2 orc high priests (Orc:2)
  2 fire crabs
  A hell knight (Vaults:1)
  A shadow wraith (Vaults:1)
  2 skeletal warriors (D:15)
  A flayed ghost (Vaults:1)
  3 deep trolls (Vaults:1)
  6 unseen horrors
  3 wizards (Vaults:1)
  An orange crystal statue (Vaults:1)
  6 orc knights
  2 phantasmal warriors
  5 deep elf magi
  16 orb spiders
  Pikel (D:4)
  28 ugly things
  30 wolf spiders
  An ironbrand convoker (Vaults:1)
  7 orc sorcerers
  8 cyclopes
  5 manticores
  7 elephants
  2 centaur zombies (D:15)
  A merfolk siren (Lair:3)
  5 vault sentinels (Vaults:1)
  2 gargoyles
  A guardian serpent (D:10)
  6 black mambas
  13 spiny frogs
  A centaur skeleton (D:14)
  2 torpor snails
  A torpor snail (shapeshifter) (Vaults:1)
  The ghost of H0rd4k the Charlatan, a novice HuAr (D:4)
  7 orange demons
  2 rime drakes (Lair:6)
  10 demonic crawlers
  A freezing wraith (D:15)
  10 komodo dragons
  5 yaktaurs (Vaults:1)
  2 red devils (D:11)
  A tengu conjurer (D:15)
  7 trolls
  28 jumping spiders
  The ghost of stillor the Skirmisher, an amateur DsFi of Okawaru (D:4)
  4 tyrant leeches (Spider:3)
  A polar bear (Lair:5)
  3 hornets
  The ghost of Artool the Skirmisher, an amateur DsSk (D:4)
  3 meliai (Spider:4)
  17 dream sheep
  20 slime creatures
  8 blink frogs
  16 hippogriffs
  2 shadows
  24 tarantellas
  A vampire (D:14)
  55 redbacks
  A human (D:10)
  2 basilisks
  11 fire bats
  4 wyverns
  A wraith (D:10)
  6 neqoxecs (Orc:1)
  A hungry ghost (D:7)
  68 yaks
  2 hogs (D:10)
  A human simulacrum (Vaults:1)
  A steam dragon (D:14)
  5 wargs
  2 acid dragons
  A two-headed ogre zombie (D:12)
  17 water moccasins
  2 hell hounds (Volcano)
  Duvessa (D:4)
  6 porcupines
  2 black bears (D:10)
  6 ice beasts
  4 sky beasts
  2 phantoms
  3 necrophages
  53 orc warriors
  The ghost of tidbits the Charmwright, an amateur GnSk (D:4)
  21 ogres
  24 centaurs
  11 wolves
  14 crocodiles
  4 big kobolds
  21 bullfrogs
  Dowan (D:4)
  4 earth elementals (Spider:4)
  A water moccasin zombie (D:7)
  4 scorpions
  12 wights
  8 killer bees
  An electric eel (D:13)
  7 howler monkeys
  2 bullfrog zombies
  6 crimson imps
  A wyvern simulacrum (D:15)
  8 lava snakes (Volcano)
  3 quasits
  24 orc priests
  5 hounds
  2 jellies
  A bullfrog skeleton (D:7)
  A gnoll shaman (D:6)
  30 orc wizards
  5 iguanas
  9 worker ants
  A killer bee zombie (D:10)
  7 gnolls
  15 adders
  3 shadow imps
  An ufetubus (Abyss:2)
  An ooze (D:2)
  2 adder zombies (D:8)
  2 adder skeletons
  6 worms
  4 dart slugs
  A leopard gecko (D:4)
  168 orcs
  9 giant cockroaches
  5 goblins
  5 hobgoblins
  8 jackals
  27 kobolds
  5 quokkas
  10 bats
  7 frilled lizards
  A jackal zombie (D:7)
  2 quokka skeletons
  3 rats
  3 fungi
  3 plants
1257 creatures vanquished.

Vanquished Creatures (others)
  An emperor scorpion (Spider:3)
  2 spark wasps (Spider:2)
  A minotaur (Gauntlet)
  2 hydras
  4 orb spiders (Spider:3)
  2 oklob plants (Lair:1)
  A wizard (D:12)
  A manticore (D:8)
  A wolf spider (Spider:3)
  A black mamba (Lair:1)
  2 jumping spiders (Spider:3)
  An orc warrior (Orc:1)
  A howler monkey (D:4)
  2 orc priests
  4 jackals (D:4)
  7 fungi (Lair:6)
  6 plants
39 creatures vanquished.

Grand Total: 1296 creatures vanquished

Notes
Turn   | Place    | Note
-------+----------+-------------------------------------------
     0 | Abyss:1  | Gargoyl the Centaur Abyssal Knight began the quest for the
                  | Orb.
     0 | Abyss:1  | Reached XP level 1. HP: 19/19 MP: 2/2
    78 | Abyss:1  | Noticed a smoke demon
    82 | Abyss:1  | Noticed a hellwing
    96 | Abyss:1  | Found a corrupted altar of Lugonu.
   217 | D:1      | Escaped the Abyss
   498 | D:1      | Identified a scroll of acquirement
   499 | D:1      | Got a scorched centaur barding
   505 | D:1      | Identified the +0 centaur barding of Leodim {-Cast Dex+4
                  | SInv Stlth+} (You acquired it on level 1 of the Dungeon)
   541 | D:1      | Reached XP level 2. HP: 22/26 MP: 3/3
   617 | D:1      | Reached * piety under Lugonu
   730 | D:1      | Reached skill level 2 in Axes
  1098 | D:2      | Reached XP level 3. HP: 30/31 MP: 4/4
  1128 | D:2      | Reached skill level 1 in Dodging
  1245 | D:2      | Found a white marble altar of Elyvilon.
  1245 | D:2      | Found a glowing silver altar of Zin.
  1754 | D:2      | Reached XP level 4. HP: 38/38 MP: 5/5
  2360 | D:3      | Reached ** piety under Lugonu
  2446 | D:3      | Reached XP level 5. HP: 33/46 MP: 7/7
  2849 | D:4      | Found a basalt altar of Yredelemnul.
  2857 | D:4      | Found a deep blue altar of Sif Muna.
  2858 | D:4      | Found an ornate altar of the Wu Jian Council.
  2859 | D:4      | Found a shattered altar of Ashenzari.
  2860 | D:4      | Found a bloodstained altar of Trog.
  2936 | D:4      | Noticed tidbits's ghost (amateur GnSk)
  2937 | D:4      | Noticed stillor's ghost (amateur DsFi)
  2937 | D:4      | Noticed Artool's ghost (amateur DsSk)
  2938 | D:4      | Found a runed translucent gate.
  2938 | D:4      | Found a runed translucent gate.
  2938 | D:4      | Found a runed translucent gate.
  2938 | D:4      | Noticed H0rd4k's ghost (novice HuAr)
  2948 | D:4      | Noticed a slave
  2948 | D:4      | Noticed a slave
  2948 | D:4      | Noticed a slave
  2949 | D:4      | Noticed Pikel
  2950 | D:4      | Noticed a slave
  2973 | D:4      | Killed Pikel
  2973 | D:4      | Reached skill level 4 in Axes
  2973 | D:4      | Reached XP level 6. HP: 28/52 MP: 8/8
  2973 | D:4      | Reached XP level 7. HP: 31/59 MP: 9/9
  3458 | D:4      | Noticed Duvessa
  3459 | D:4      | Noticed Dowan
  3468 | D:4      | Killed Duvessa
  3476 | D:4      | Killed Dowan
  3821 | D:4      | Reached skill level 5 in Axes
  4398 | D:5      | Entered Level 5 of the Dungeon
  4418 | D:5      | Reached XP level 8. HP: 56/67 MP: 11/11
  4546 | D:5      | Noticed a two-headed ogre
  4556 | D:5      | Killed a two-headed ogre
  4556 | D:5      | Reached skill level 6 in Axes
  4556 | D:5      | Reached skill level 5 in Invocations
  4712 | D:5      | Reached *** piety under Lugonu
  4753 | D:5      | Reached skill level 5 in Fighting
  4791 | D:5      | Reached XP level 9. HP: 69/74 MP: 13/13
  5422 | D:6      | Found a stormy altar of Qazlal.
  5467 | D:6      | Got an ichor-stained leather armour
  5468 | D:6      | Identified the +3 leather armour of Muipon {rF+ Regen+}
                  | (You found it on level 6 of the Dungeon)
  5911 | D:7      | Found a staircase to the Ecumenical Temple.
  5926 | D:7      | Reached skill level 7 in Axes
  6098 | D:7      | Reached **** piety under Lugonu
  6252 | D:7      | Found an ancient bone altar of Kikubaaqudgha.
  6350 | D:7      | Reached skill level 5 in Armour
  6387 | D:7      | Got a shimmering glass ring
  7028 | D:8      | Reached skill level 8 in Axes
  7147 | D:8      | Identified the ring of Astitrog {*Drain rN+ MR+ Stlth+}
                  | (You found it on level 7 of the Dungeon)
  7161 | D:8      | Found a staircase to the Lair.
  7161 | D:8      | Noticed an elephant
  7163 | D:8      | Noticed a manticore
  7178 | D:8      | Reached XP level 10. HP: 60/83 MP: 14/14
  7185 | D:8      | Killed an elephant
  7191 | D:8      | Banished a manticore
  7354 | D:8      | Got an ancient battleaxe
  7355 | D:8      | Identified the +1 battleaxe of the Equator {freeze, rN+++
                  | Dex-3 SInv Stlth-} (You acquired it on level 8 of the
                  | Dungeon)
  7415 | D:8      | Found Jong's Jewellery Emporium.
  7420 | D:8      | Bought an uncursed ring of poison resistance for 240 gold
                  | pieces
  7458 | D:8      | Reached ***** piety under Lugonu
  7722 | D:9      | Found a staircase to the Orcish Mines.
  7856 | D:9      | Reached skill level 9 in Axes
  8746 | D:9      | Noticed an unseen horror
  8753 | D:9      | Killed an unseen horror
  8753 | D:9      | Reached skill level 5 in Dodging
  8820 | Lair:1   | Entered Level 1 of the Lair of Beasts
  8846 | Lair:1   | Noticed a five-headed hydra
  8851 | Lair:1   | Reached skill level 10 in Axes
  8983 | Lair:1   | Banished a five-headed hydra
  8983 | Lair:1   | Reached XP level 11. HP: 91/91 MP: 16/16
  9010 | Lair:1   | Identified Sorcery Continued
  9260 | Lair:1   | Noticed a six-headed hydra
  9354 | Lair:1   | Banished a six-headed hydra
  9532 | Lair:1   | Noticed an oklob plant
  9536 | Lair:1   | Noticed an oklob plant
  9562 | Lair:1   | HP: 4/91 [spiny frog (22)]
  9580 | Lair:1   | HP: 4/91 [poisoned by a spiny frog]
  9586 | Lair:1   | HP: 4/91 [poisoned by a spiny frog]
  9746 | Lair:1   | Banished an oklob plant
  9748 | Lair:1   | Banished an oklob plant
 11058 | Lair:2   | Found a gate leading to a gauntlet.
 11067 | Gauntlet | Entered a Gauntlet
 11067 | Gauntlet | Found a transporter.
 11067 | Gauntlet | Found a transporter.
 11075 | Gauntlet | Found a transporter.
 11075 | Gauntlet | Found a transporter.
 11078 | Gauntlet | Found a transporter.
 11085 | Gauntlet | Found a transporter.
 11227 | Gauntlet | Noticed a fire crab
 11227 | Gauntlet | Noticed a wizard
 11228 | Gauntlet | Found a transporter.
 11228 | Gauntlet | Found a transporter.
 11229 | Gauntlet | Noticed a brown ugly thing
 11230 | Gauntlet | Noticed a brown ugly thing
 11237 | Gauntlet | Killed a fire crab
 11239 | Gauntlet | Noticed a great orb of eyes
 11243 | Gauntlet | Noticed a wizard
 11251 | Gauntlet | Found a transporter.
 11256 | Gauntlet | HP: 3/92 [great orb of eyes (12)]
 11263 | Gauntlet | Banished a brown ugly thing
 11266 | Gauntlet | Killed a great orb of eyes
 11275 | Gauntlet | Killed a green ugly thing
 11275 | Gauntlet | Reached XP level 12. HP: 55/100 MP: 8/19
 11346 | Gauntlet | Found a transporter.
 11395 | Gauntlet | Noticed a minotaur
 11408 | Gauntlet | Banished a minotaur
 11408 | Gauntlet | Reached skill level 11 in Axes
 11546 | Lair:2   | Reached skill level 10 in Invocations
 11641 | Lair:2   | Found a hole to the Spider Nest.
 11957 | Lair:3   | Found a dark tunnel.
 11965 | Volcano  | Entered a volcano
 12133 | Volcano  | Found a burning altar of Makhleb.
 12252 | Volcano  | Noticed a hell hog
 12276 | Volcano  | Killed a hell hog
 12543 | Volcano  | HP: 1/100 [ice devil[an obsidian statue] (9)]
 12802 | Lair:3   | Got a smoking great sword
 12803 | Lair:3   | Identified the +1 great sword "Impbane" {antimagic, rElec
                  | rC+} (You found it on level 3 of the Lair of Beasts)
 12905 | Lair:3   | Noticed Gastronok
 12919 | Lair:3   | Killed Gastronok
 12938 | Lair:3   | Found a staircase to the Shoals.
 13131 | Lair:3   | Noticed Urug
 13142 | Lair:3   | Killed Urug
 13598 | Lair:4   | Reached skill level 12 in Axes
 13684 | Lair:4   | Noticed a catoblepas
 13684 | Lair:4   | Noticed a five-headed hydra
 13714 | Lair:4   | Banished a five-headed hydra
 13720 | Lair:4   | Killed a catoblepas
 13797 | Lair:4   | Noticed a six-headed hydra
 13805 | Lair:4   | Killed a four-headed hydra
 13894 | Lair:4   | Reached XP level 13. HP: 91/107 MP: 21/21
 14855 | Lair:5   | Gained mutation: You occasionally shout uncontrollably at
                  | your foes. [potion of mutation]
 14855 | Lair:5   | Gained mutation: You are robust. (+10% HP) [potion of
                  | mutation]
 15550 | Lair:5   | Reached skill level 1 in Throwing
 15670 | Lair:5   | Found a shadowy altar of Dithmenos.
 15850 | Lair:5   | Found a runed translucent door.
 15851 | Lair:5   | Found a viscous altar of Jiyva.
 15851 | Lair:5   | Noticed an acid blob
 15852 | Lair:5   | Noticed an acid blob
 16071 | Lair:5   | Found a staircase to the Slime Pits.
 16122 | Lair:6   | Entered Level 6 of the Lair of Beasts
 16143 | Lair:6   | Reached skill level 13 in Axes
 16936 | Lair:6   | HP: 4/122 [death yak (23)]
 17361 | Lair:6   | Reached XP level 14. HP: 113/129 MP: 22/22
 18906 | Lair:6   | Reached skill level 14 in Axes
 19339 | D:10     | Entered Level 10 of the Dungeon
 19524 | D:10     | Found a roughly hewn altar of Beogh.
 19527 | D:10     | Reached ****** piety under Lugonu
 21086 | D:11     | Reached skill level 10 in Fighting
 21089 | D:11     | Found Yfoeqymadu's Magic Scroll Shop.
 21141 | D:11     | Bought a scroll of brand weapon for 200 gold pieces
 21141 | D:11     | Bought a scroll of acquirement for 520 gold pieces
 21141 | D:11     | Bought a scroll of enchant weapon for 75 gold pieces
 21735 | D:12     | Found a bloodstained altar of Trog.
 22017 | D:12     | Noticed Snorg
 22024 | D:12     | Killed Snorg
 22218 | D:12     | Reached XP level 15. HP: 138/138 MP: 24/24
 22848 | D:13     | Found a gate to the Vaults.
 23137 | D:13     | Reached skill level 15 in Axes
 24190 | D:13     | Found Exynozosch's Antique Armour Shop.
 25368 | D:14     | Noticed Rupert
 25432 | D:14     | Killed Rupert
 25937 | D:15     | Entered Level 15 of the Dungeon
 26910 | D:15     | Reached XP level 16. HP: 149/149 MP: 26/26
 26959 | D:15     | Found a white marble altar of Elyvilon.
 27685 | D:15     | Found a staircase to the Depths.
 27892 | D:15     | Reached skill level 16 in Axes
 28087 | Orc:1    | Entered Level 1 of the Orcish Mines
 28882 | Orc:1    | Noticed wont's ghost (journeyman OgFE)
 28889 | Orc:1    | Found a transporter.
 28911 | Orc:1    | Found a transporter.
 29061 | Orc:1    | Found a roughly hewn altar of Beogh.
 29501 | Orc:1    | Identified the +6 morningstar "Killer Bee's Doom" {speed,
                  | rC+ Int+3}
 29769 | Orc:1    | Killed wont's ghost
 29775 | Orc:1    | Got the ring "Cesaog" {Dex+6}
 29791 | Orc:1    | Identified the ring "Cesaog" {-Tele rF++ rN+++ Str-3 Dex+6}
                  | (You found it on level 1 of the Orcish Mines)
 29907 | Orc:2    | Entered Level 2 of the Orcish Mines
 30057 | Orc:2    | Found a roughly hewn altar of Beogh.
 30156 | Orc:2    | Found a roughly hewn altar of Beogh.
 30233 | Orc:2    | Found a roughly hewn altar of Beogh.
 30265 | Orc:2    | Found a roughly hewn altar of Beogh.
 30292 | Orc:2    | Found a roughly hewn altar of Beogh.
 30293 | Orc:2    | Found Ujeck's General Store.
 30351 | Orc:2    | Bought a scroll of enchant weapon for 82 gold pieces
 30394 | Orc:2    | Found a staircase to the Elven Halls.
 30740 | Orc:2    | Reached skill level 10 in Armour
 30751 | Orc:2    | Noticed Saint Roka
 30769 | Orc:2    | Found a roughly hewn altar of Beogh.
 30877 | Orc:2    | Found a roughly hewn altar of Beogh.
 31102 | Orc:1    | Killed Saint Roka
 31259 | Orc:2    | Found Xiphuv's Antique Armour Shop.
 31260 | Orc:2    | Found a roughly hewn altar of Beogh.
 31265 | Orc:2    | Found Qoutaosi's Antique Weapon Boutique.
 31276 | Orc:2    | Bought an embroidered scarf for 272 gold pieces
 31454 | Orc:2    | Found Idduv's Distillery.
 31462 | Orc:2    | Bought a potion of heal wounds for 75 gold pieces
 31495 | Orc:2    | Bought a fine plate armour for 952 gold pieces
 31505 | Orc:2    | Identified the +1 plate armour of Panentheism {rPois Regen+
                  | rCorr} (You bought it in a shop on level 2 of the Orcish
                  | Mines)
 31738 | Spider:1 | Entered Level 1 of the Spider Nest
 32262 | D:4      | Killed H0rd4k's ghost
 32266 | D:4      | Killed stillor's ghost
 32270 | D:4      | Killed Artool's ghost
 32278 | D:4      | Killed tidbits's ghost
 32314 | D:4      | Lost mutation: You are robust. (+10% HP) [potion of
                  | mutation]
 32314 | D:4      | Lost mutation: You occasionally shout uncontrollably at
                  | your foes. [potion of mutation]
 32314 | D:4      | Gained mutation: You are dopey. (Int -2) [potion of
                  | mutation]
 32314 | D:4      | Gained mutation: You possess an exceptional clarity of
                  | mind. [potion of mutation]
 32314 | D:4      | Gained mutation: Your system is resistant to poisons.
                  | (rPois) [potion of mutation]
 34027 | Spider:3 | Reached XP level 17. HP: 139/146 MP: 27/27
 34480 | Spider:3 | Reached skill level 10 in Dodging
 36910 | Spider:3 | Reached skill level 17 in Axes
 37896 | Spider:4 | Entered Level 4 of the Spider Nest
 38208 | Spider:4 | Noticed Agnes
 38336 | Spider:3 | Escaped the Abyss
 38340 | Spider:3 | Banished Agnes
 39699 | Spider:4 | Reached skill level 15 in Invocations
 41697 | Spider:4 | Reached XP level 18. HP: 155/155 MP: 9/29
 42182 | Spider:4 | Got a gossamer rune of Zot
 42557 | Vaults:1 | Entered Level 1 of the Vaults
 42559 | Vaults:1 | Found a gateway to a bazaar.
 42570 | Bazaar   | Entered a bazaar
 42570 | Bazaar   | Found Wakusi's Jewellery Emporium.
 42586 | Bazaar   | Found Naewn's Assorted Antiques.
 42603 | Bazaar   | Found Ezajaowk's Distillery.
 42611 | Bazaar   | Bought a potion of heal wounds for 45 gold pieces
 42638 | Bazaar   | Bought the ring of Noss {*Drain MR++ Str+8 Slay+3 Stlth-}
                  | for 653 gold pieces
 44118 | Vaults:1 | Reached skill level 18 in Axes
 44179 | Vaults:1 | Identified the ring of Moryorof {*Contam rC+ MR+ SInv}
 44730 | Vaults:1 | Splashed by an ironbrand convoker's acid

Skill      XL: |  1  2  3  4  5  6  7  8  9 10 11 12 13 14 15 16 17 18 |
---------------+-------------------------------------------------------+-----
Axes           | 2 4 5 6 8 10 12 13 14 15 16 17 18 | 18.1
Dodging        | 1 2 3 4 5 6 7 8 9 10 11 | 11.3
Armour         | 2 3 4 5 6 7 8 9 10 11 | 11.5
Invocations    | 3 4 5 6 7 9 11 12 13 14 15 | 15.9
Fighting       | 4 5 6 7 8 9 10 11 12 13 | 13.2
Throwing       | 1 2 |  2.1
Evocations     | |  0.1

Action                   |  1- 3 |  4- 6 |  7- 9 | 10-12 | 13-15 | 16-18 || total
-------------------------+-------+-------+-------+-------+-------+-------++-------
Melee: Battleaxe         |    96 |    66 |   290 |   440 |  1121 |  1437 ||  3450
       Kick              |    19 |    13 |    64 |   123 |   370 |   535 ||  1124
Throw: Javelin           |       |       |     3 |     1 |    19 |     5 ||    28
Invok: Depart the Abyss  |     1 |       |       |       |       |     1 ||     2
       Banish            |       |       |       |    18 |       |    20 ||    38
       Bend Space        |       |       |       |     4 |     3 |     3 ||    10
       Enter the Abyss   |       |       |       |       |       |     1 ||     1
 Abil: Evoke Berserk Rag |       |       |       |     1 |       |       ||     1
Evoke: Wand              |       |     1 |     1 |       |       |       ||     2
  Use: Scroll            |     5 |     4 |    10 |    20 |    15 |    15 ||    69
       Potion            |       |       |       |     9 |     3 |    13 ||    25
 Stab: Paralysed         |       |       |     2 |       |       |       ||     2
       Sleeping          |       |       |     1 |     7 |    19 |     3 ||    30
       Distracted        |       |       |       |     1 |     1 |     4 ||     6
       Petrified         |       |       |       |       |    14 |       ||    14
  Eat: Chunk             |     1 |     3 |     8 |     9 |    22 |    13 ||    56
       Ration            |       |       |     1 |     5 |     4 |    13 ||    23
Armor: Leather armour    |     7 |       |   119 |   306 |   740 |   693 ||  1865
       Ring mail         |    86 |     8 |       |       |       |       ||    94
       Chain mail        |       |    70 |   120 |       |       |       ||   190
       Plate armour      |       |       |       |       |       |   275 ||   275
Dodge: Dodged            |    58 |    10 |   123 |   363 |   778 |  1438 ||  2770
